 Dungeon Crawl Stone Soup version 0.31.0-11-ge490571c62 (webtiles) character file.

Game seed: 16992576968231874400

756 qw the Skirmisher (level 7, 0/40 HPs)
             Began as a Deep Elf Hunter on Feb 4, 2024.
             Incinerated by a bombardier beetle (5 damage)
             ... with a burning spray
             ... on level 5 of the Dungeon.
             The game lasted 00:00:19 (4309 turns).

qw the Skirmisher (Deep Elf Hunter)                 Turns: 4309, Time: 00:00:20

Health: 0/40       AC:  6    Str: 10    XL:     7   Next: 50%
Magic:  9/9        EV: 11    Int: 14    God:
Gold:   236        SH:  0    Dex: 18    Spells: 6/6 levels left

rFire   . . .        a - +4 shortbow
rCold   . . .        (shield currently unavailable)
rNeg    . . .        d - +0 ring mail
rPois   .            h - +0 helmet
rElec   .            (no cloak)
rCorr   .            (no gloves)
SInv    .            (no boots)
Will    .....        (no amulet)
Stlth   +            (no ring)
HPRegen 0.26/turn    (no ring)
MPRegen 0.11/turn

%: no passive effects
@: on fire, glowing
A: no striking features
a: no special abilities


You were on level 5 of the Dungeon.
You visited 1 branch of the dungeon, and saw 5 of its levels.

You collected 236 gold pieces.


   Skills:
 - Level 2.0 Fighting
 + Level 11.3 Ranged Weapons
 - Level 1.3 Armour
 - Level 3.5 Dodging
 - Level 1.2 Stealth


You had 6 spell levels left.
You didn't know any spells.
Your spell library was empty.

Inventory:

Hand Weapons
 a - a +4 shortbow (weapon)
Armour
 d - a +0 ring mail (worn)
 h - a +0 helmet (worn)
Wands
 i - a wand of polymorph (14)
Scrolls
 e - 3 scrolls of identify
Potions
 b - 2 potions of heal wounds
 c - a potion of might
 f - a potion of curing
 g - a potion of magic {unknown}

Dungeon Overview and Level Annotations

Branches:
Dungeon (5/15)
 Temple: D:4-7

Altars:


Message History

You see here a stone.
You shoot an arrow. The arrow hits the bombardier beetle.
The bombardier beetle is moderately wounded.
You shoot an arrow. The arrow hits the bombardier beetle.
The bombardier beetle is heavily wounded.
You shoot an arrow.
The arrow barely misses the bombardier beetle.
You shoot an arrow.
The arrow barely misses the bombardier beetle.
You shoot an arrow.
The arrow barely misses the bombardier beetle.
You shoot an arrow.
The arrow barely misses the bombardier beetle.
You shoot an arrow. The arrow hits the bombardier beetle.
The bombardier beetle is almost dead.
The bombardier beetle sprays incendiary fluid at you.
The burning spray hits you.
You are covered in liquid fire!
You shoot an arrow. The arrow hits the bombardier beetle.
You kill the bombardier beetle!
The liquid fire burns you!
You are on fire!
The liquid fire burns you!
You are on fire!
The liquid fire burns you!
You are on fire!
The liquid fire burns you!
You are on fire!
The liquid fire burns you!
You are on fire!
The liquid fire burns you!
You are on fire!
The liquid fire burns you!
You are on fire!
The liquid fire burns you!
You are on fire!
The liquid fire burns you!
You are on fire!
The liquid fire burns you!
You die...

#..#........# ##..#
#..##'#######. #..#
##............ #..#
#####.......# #..#
#.####### #.# ####
..# #.# ..####### ..#
#.# #........ .!# ###
#@#########.#
##..........#
~~###.#####..#
~~~P#.(......######
.....................
~.~~~P#....##.######.
~.~~###.......# #.
~.~ #.........# #. P.
#.#.###.#..# #.


There were no monsters in sight!

Vanquished Creatures
  An ogre (D:4)
  A black bear (D:5)
  A scorpion (D:5)
  A bombardier beetle (D:5)
  A howler monkey (D:4)
  A hound (D:4)
  2 iguanas
  3 orc wizards
  Terence (D:2)
  7 gnolls
  7 adders
  A shadow imp (D:5)
  2 ufetubi (D:5)
  A ribbon worm (D:2)
  7 orcs
  7 ball pythons
  10 endoplasms
  6 giant cockroaches
  12 goblins
  14 hobgoblins
  2 jackals (D:2)
  4 kobolds (D:2)
  4 quokkas
  7 bats
  3 frilled lizards
  3 rats
109 creatures vanquished.

Notes
Turn   | Place    | Note
-------+----------+-------------------------------------------
     0 | D:1      | qw the Deep Elf Hunter began the quest for the Orb.
     0 | D:1      | Reached XP level 1. HP: 12/12 MP: 3/3
     0 | D:1      | 0 ||| qw: Version: 0.3-a-160-g6735b56
     0 | D:1      | 0 ||| qw: Game counter: 4627
     0 | D:1      | 0 ||| qw: Melee chars always use a shield: true
     0 | D:1      | 0 ||| qw: God list: Okawaru
     0 | D:1      | 0 ||| qw: Allow faded altars: false
     0 | D:1      | 0 ||| qw: Do Orc after clearing Dungeon:15 true
     0 | D:1      | 0 ||| qw: Do second Lair branch before Depths: true
     0 | D:1      | 0 ||| qw: Lair rune preference: random
     0 | D:1      | 0 ||| qw: Goals: Normal
     0 | D:1      | 0 ||| PLANNING D:1-11
    90 | D:1      | Reached XP level 2. HP: 16/16 MP: 4/4
   122 | D:1      | Reached skill level 6 in Ranged Weapons
   456 | D:1      | 456 ||| UPGRADING to +0 ring mail.
   466 | D:1      | 466 ||| DROPPING +0 leather armour.
   467 | D:1      | 467 ||| DROPPING ring of magical power.
   468 | D:1      | 468 ||| READING scroll labelled TEMARU PENOO.
   469 | D:1      | 469 ||| DROPPING scroll of butterflies.
   554 | D:2      | Reached XP level 3. HP: 20/20 MP: 5/5
   657 | D:2      | Reached skill level 7 in Ranged Weapons
   706 | D:2      | Reached XP level 4. HP: 12/25 MP: 6/6
  1011 | D:2      | 1011 ||| FLEEEEING.
  1012 | D:2      | 1012 ||| FLEEEEING.
  1014 | D:2      | 1014 ||| FLEEEEING.
  1015 | D:2      | 1015 ||| FLEEEEING.
  1210 | D:2      | Noticed Terence
  1214 | D:2      | 1214 ||| FLEEEEING.
  1215 | D:2      | 1215 ||| FLEEEEING.
  1216 | D:2      | 1216 ||| FLEEEEING.
  1217 | D:2      | 1217 ||| FLEEEEING.
  1218 | D:2      | 1218 ||| FLEEEEING.
  1219 | D:2      | 1219 ||| FLEEEEING.
  1220 | D:2      | 1220 ||| FLEEEEING.
  1221 | D:2      | 1221 ||| FLEEEEING.
  1222 | D:2      | 1222 ||| FLEEEEING.
  1223 | D:2      | 1223 ||| FLEEEEING.
  1224 | D:2      | 1224 ||| FLEEEEING.
  1225 | D:2      | 1225 ||| FLEEEEING.
  1226 | D:2      | 1226 ||| FLEEEEING.
  1227 | D:2      | 1227 ||| FLEEEEING.
  1228 | D:2      | 1228 ||| FLEEEEING.
  1229 | D:2      | 1229 ||| FLEEEEING.
  1238 | D:2      | Killed Terence
  1239 | D:2      | Reached skill level 8 in Ranged Weapons
  1436 | D:2      | 1436 ||| READING scroll labelled CECHITYTAS.
  1537 | D:2      | 1537 ||| READING scroll labelled IMUREUSKUI.
  1537 | D:2      | 1537 ||| ENCHANTING +0 shortbow.
  1538 | D:2      | 1538 ||| DRINKING 2 red potions.
  1618 | D:3      | Reached XP level 5. HP: 29/29 MP: 7/7
  1814 | D:3      | 1814 ||| DRINKING sapphire potion.
  1815 | D:3      | 1815 ||| DRINKING sedimented amethyst potion.
  1816 | D:3      | 1816 ||| DRINKING silvery potion.
  1817 | D:3      | 1817 ||| DRINKING clear potion.
  1827 | D:3      | Reached skill level 9 in Ranged Weapons
  1904 | D:3      | Identified the +2 rapier "Haqoaxt" {freeze, Dex+3 Stlth-}
  2054 | D:3      | 2054 ||| READING scroll of enchant weapon.
  2054 | D:3      | 2054 ||| ENCHANTING +1 shortbow.
  2558 | D:3      | 2558 ||| READING scroll labelled QAMUPS CANTO.
  2559 | D:3      | 2559 ||| READING scroll labelled KOF DUFUSYRA.
  2563 | D:3      | 2563 ||| READING scroll labelled YMOSEF CUFE.
  2565 | D:3      | 2565 ||| Stepping ~*~*~tactically~*~*~ (cloud).
  2573 | D:3      | HP: 7/30 [poisoned by you (poison gas)]
  2784 | D:4      | 2784 ||| FLEEEEING.
  2786 | D:4      | 2786 ||| FLEEEEING.
  2787 | D:4      | 2787 ||| FLEEEEING.
  2788 | D:4      | 2788 ||| STAIRDANCE
  2799 | D:3      | 2799 ||| READING 3 scrolls labelled DATSINW YSTRI.
  2799 | D:3      | 2799 ||| IDENTIFYING blue potion
  2800 | D:3      | 2800 ||| READING 2 scrolls of identify.
  2800 | D:3      | 2800 ||| IDENTIFYING murky emerald potion
  2801 | D:3      | 2801 ||| DROPPING potion of invisibility.
  2870 | D:4      | Reached XP level 6. HP: 35/35 MP: 8/8
  2960 | D:4      | 2960 ||| READING scroll of enchant weapon.
  2960 | D:4      | 2960 ||| ENCHANTING +2 shortbow.
  2984 | D:4      | Reached skill level 10 in Ranged Weapons
  3011 | D:4      | 3011 ||| FLEEEEING.
  3012 | D:4      | 3012 ||| FLEEEEING.
  3022 | D:4      | 3022 ||| FLEEEEING.
  3023 | D:4      | 3023 ||| FLEEEEING.
  3024 | D:4      | 3024 ||| FLEEEEING.
  3025 | D:4      | 3025 ||| FLEEEEING.
  3026 | D:4      | 3026 ||| FLEEEEING.
  3027 | D:4      | 3027 ||| FLEEEEING.
  3028 | D:4      | 3028 ||| FLEEEEING.
  3029 | D:4      | 3029 ||| FLEEEEING.
  3030 | D:4      | 3030 ||| FLEEEEING.
  3032 | D:4      | 3032 ||| FLEEEEING.
  3033 | D:4      | 3033 ||| FLEEEEING.
  3034 | D:4      | 3034 ||| STAIRDANCE
  3294 | D:4      | Reached skill level 3 in Dodging
  3756 | D:4      | 3756 ||| UPGRADING to +0 helmet.
  3761 | D:4      | 3761 ||| READING 2 scrolls of identify.
  3761 | D:4      | 3761 ||| IDENTIFYING viscous emerald potion
  3762 | D:4      | 3762 ||| DROPPING potion of degeneration.
  3785 | D:5      | Entered Level 5 of the Dungeon
  3806 | D:5      | 3806 ||| READING scroll of enchant weapon.
  3806 | D:5      | 3806 ||| ENCHANTING +3 shortbow.
  3849 | D:5      | 3849 ||| RETREEEEATING.
  3850 | D:5      | 3850 ||| RETREEEEATING.
  3851 | D:5      | 3851 ||| RETREEEEATING.
  3852 | D:5      | 3852 ||| RETREEEEATING.
  3853 | D:5      | 3853 ||| RETREEEEATING.
  3865 | D:5      | Reached skill level 1 in Armour
  3865 | D:5      | Reached XP level 7. HP: 28/40 MP: 9/9
  4271 | D:5      | Reached skill level 11 in Ranged Weapons
  4307 | D:5      | HP: 8/40 [burnt (3)]
  4309 | D:5      | Incinerated by a bombardier beetle

Levels and vault maps discovered:
D:1:      dpeg_arrival_tiny_e, layout_basic, grunt_decor_mini_mirrors,
          minmay_misc_feat_x
D:2:      layout_basic, uniq_terence
D:3:      cheibrodos_greedy_goblins, layout_basic, roderic_lattice_a,
          minivault_24
D:4:      layout_loops_corners, minmay_quantized
D:5:      layout_loops_ring, minivault_25, dreamdust_princess_bridge

Skill      XL: |  1  2  3  4  5  6  7 |
---------------+----------------------+-----
Ranged Weapons | 6 7 8 9 10 11 | 11.3
Fighting       | 2 |  2.0
Dodging        | 3 |  3.5
Armour         | 1 |  1.3
Stealth        | |  1.2

Action                     |  1- 3 |  4- 6 |  7- 9 || total
---------------------------+-------+-------+-------++-------
   Fire: Shortbow          |    96 |   215 |    40 ||   351
    Use: Scroll            |     1 |    11 |       ||    12
         Potion            |       |     5 |       ||     5
 Armour: Leather armour    |    12 |       |       ||    12
         Ring mail         |     4 |    53 |    18 ||    75
         Skin              |       |     8 |       ||     8
  Dodge: Dodged            |    13 |    35 |    10 ||    58

Table legend:
 A = Non-vault XP
 B = Vault XP
 C = Vault XP percentage of total XP
 D = Non-vault monster count
 E = Vault monster count
 F = Vault count percentage of total count
                 A         B        C        D         E       F
            +---------+---------+-------+---------+---------+-------
      Total |     895 |     186 |  17.2 |      96 |      13 |  11.9
            +---------+---------+-------+---------+---------+-------
        D:1 |      35 |       0 |   0.0 |      20 |       0 |   0.0
        D:2 |     114 |      36 |  24.0 |      29 |       1 |   3.3
        D:3 |     127 |      14 |   9.9 |      19 |       7 |  26.9
        D:4 |     223 |     136 |  37.9 |      15 |       5 |  25.0
        D:5 |     396 |       0 |   0.0 |      13 |       0 |   0.0
            +---------+---------+-------+---------+---------+-------
